 Dungeon Crawl Stone Soup version 0.29.1-1-gd02db6906a (webtiles) character file.

Game seed: 14489462294552337566

10 safid the Shooter (level 2, -3/26 HPs)
             Began as a Minotaur Hunter on Oct 19, 2022.
             Slain by a worm (9 damage)
             ... on level 2 of the Dungeon.
             The game lasted 00:01:43 (794 turns).

safid the Shooter (Minotaur Hunter)                  Turns: 794, Time: 00:01:44

Health: -3/26      AC:  3    Str: 15    XL:     2   Next: 10%
Magic:  1/1        EV: 12    Int:  6    God:
Gold:   83         SH:  0    Dex: 13    Spells: 1/1 levels left

rFire   . . .      SeeInvis .   a - +0 shortbow
rCold   . . .      Faith    .   (shield currently unavailable)
rNeg    . . .      Spirit   .   c - +0 leather armour
rPois   .          Reflect  .   (helmet restricted)
rElec   .          Harm     .   (no cloak)
rCorr   .          Rampage  .   (no gloves)
Will    .....                   (no boots)
Stlth   +.........              (no amulet)
HPRegen 0.08/turn               (no ring)
MPRegen 0.07/turn               (no ring)

@: no status effects
A: horns 2, retaliatory headbutt
a: no special abilities


You were on level 2 of the Dungeon.
You visited 1 branch of the dungeon, and saw 2 of its levels.

You collected 83 gold pieces.

Inventory:

Hand Weapons
 a - a +0 shortbow (weapon)
Armour
 c - a +0 leather armour (worn)
Scrolls
 b - a scroll of immolation
 d - 2 scrolls of amnesia {unknown}
 f - a scroll of enchant weapon {unknown}
 j - a scroll of fear {unknown}
 k - a scroll of teleportation {unknown}
 l - a scroll of identify {unknown}
Potions
 e - a potion of berserk rage {unknown}
 g - a potion of cancellation {unknown}
 h - a potion of curing {unknown}
 i - a potion of degeneration {unknown}
 m - a potion of might {unknown}


   Skills:
 - Level 3.0 Fighting
 + Level 4.7 Ranged Weapons
 - Level 2.1 Dodging
 - Level 0.7 Stealth


You had one spell level left.
You didn't know any spells.
Your spell library contained the following spells:

 Spells                   Type           Power      Damage    Failure   Level
 Anguish                  Hex/Necr       0%         N/A       99%         4
 Enfeeble                 Hex            0%         N/A       100%        7


Dungeon Overview and Level Annotations

Branches:
Dungeon (2/15)

Altars:


Innate Abilities, Weirdness & Mutations

You have a pair of horns on your head.
You reflexively headbutt those who attack you in melee.


Message History

The worm is moderately wounded.
The dart slug launches a dart at you. The slug dart misses you.
The worm bites you but does no damage.
You shoot an arrow. The arrow hits the worm!
The worm is heavily wounded.
The dart slug bites you but does no damage.
You shoot an arrow. The arrow hits the worm.
The worm is severely wounded.
The worm bites you. The dart slug launches a dart at you.
The slug dart misses you.
You shoot an arrow. The arrow barely misses the worm.
The worm closely misses you. The dart slug misses you.
You shoot an arrow. The arrow hits the worm.
The worm is almost dead.
The dart slug launches a dart at you. The slug dart hits you.
The worm bites you.
You shoot an arrow. The arrow hits the worm.
The worm is almost dead.
The dart slug bites you but does no damage.
You shoot an arrow. The arrow completely misses the worm.
The dart slug barely misses you. You furiously retaliate!
You headbutt the dart slug.
The dart slug bites you but does no damage.
The worm bites you.
You are too injured to fight recklessly!
You are too injured to fight recklessly!
You are too injured to fight recklessly!
You are too injured to fight recklessly!
Fire: a) +0 shortbow
Press: ? - help, Q - select action Shift-Dir - straight line, f/p - worm
Aim: a worm (almost dead, 79% to hit)
You shoot an arrow. The arrow hits the worm.
The worm is almost dead.
The dart slug launches a dart at you. The slug dart hits you.
* * * LOW HITPOINT WARNING * * *
The dart slug launches a dart at you. The slug dart misses you.
The worm bites you!
You die...

#.........
#.......$.
#.........
#.........
#.........
####.........
#....ww....#
#.@w.<..#
####.#### #


You could see a worm and 2 dart slugs.

Vanquished Creatures
  3 endoplasms (D:1)
  A goblin (D:1)
  A hobgoblin (D:1)
  A bat (D:1)
  A kobold (D:1)
  3 rats (D:1)
10 creatures vanquished.

Notes
Turn   | Place    | Note
-------+----------+-------------------------------------------
     0 | D:1      | safid the Minotaur Hunter began the quest for the Orb.
     0 | D:1      | Reached XP level 1. HP: 18/18 MP: 0/0
   434 | D:1      | Reached XP level 2. HP: 26/26 MP: 1/1
   516 | D:1      | Found a faded altar of an unknown god.
   794 | D:2      | Slain by a worm

Illustrated notes

Levels and vault maps discovered:
D:1:      minmay_arrival_solitary_statue, layout_basic,
          ebering_ecumenical_altar_hall, minmay_misc_feat_ornament, fountainhead
D:2:      layout_rooms, serial_co_window_serial, co_window_corner_a,
          co_window_paths_a, co_window_paths_a, co_window_corner_a,
          co_window_paths_b, co_window_paths_a, co_window_paths_b,
          co_window_unsneaky_path_e, co_window_broadway_a,
          co_window_of_opportunity_c, co_window_corner_ca, co_window_corner_b,
          co_window_broadway_a

Skill      XL: |  1 |
---------------+----+-----
Fighting       | 3 |  3.0
Ranged Weapons | |  4.7
Dodging        | |  2.1
Stealth        | |  0.7

Action                   || total
-------------------------++-------
 Fire: Shortbow          ||    37
Armor: Leather armour    ||     7
Dodge: Dodged            ||    11
